 Dungeon Crawl Stone Soup version 0.27-a0-1105-g946c659c87 (webtiles) character file.

Game seed: 8804855670412087792

164 leviel the Covered (level 5, -3/46 HPs)
             Began as a Minotaur Fighter on Apr 30, 2021.
             Was a Believer of Nemelex Xobeh.
             Succumbed to a scorpion's poison
             ... on level 3 of the Dungeon.
             The game lasted 00:06:02 (2840 turns).

leviel the Covered (Minotaur Fighter)               Turns: 2840, Time: 00:06:02

Health: -3/46      AC:  7    Str: 21    XL:     5   Next: 21%
Magic:  5/5        EV:  8    Int:  5    God:    Nemelex Xobeh [**....]
Gold:   141        SH:  9    Dex: 10    Spells: 4/4 levels left

rFire    . . .     SeeInvis .   a - +0 war axe
rCold    . . .     Faith    .   c - +0 kite shield
rNeg     . . .     Spirit   .   b - +0 scale mail
rPois    .         Reflect  .   (helmet restricted)
rElec    .         Harm     .   (no cloak)
rCorr    .         Rampage  .   (no gloves)
Will     .....                  (no boots)
Stlth    ..........             (no amulet)
HPRegen  0.15/turn              (no ring)
MPRegen  0.09/turn              (no ring)

@: brilliant, lethally poisoned (-3 -> -23)
A: horns 2, retaliatory headbutt
a: Renounce Religion, Draw Escape, Draw Destruction, Draw Summoning


You were on level 3 of the Dungeon.
You worshipped Nemelex Xobeh.
Nemelex Xobeh was pleased with you.
You visited 1 branch of the dungeon, and saw 4 of its levels.

You collected 141 gold pieces.

Inventory:

Hand Weapons
 a - a +0 war axe (weapon)
Armour
 b - a +0 scale mail (worn)
 c - a +0 kite shield (worn)
Jewellery
 i - a ring of wizardry
Scrolls
 d - 2 scrolls of teleportation {unknown}
 e - 2 scrolls of amnesia {unknown}
 f - a scroll of immolation {unknown}
 g - a scroll of fear {unknown}
 h - a scroll of enchant weapon {unknown}
 k - a scroll of identify {unknown}
Potions
 j - a potion of degeneration {unknown}
 l - a potion of brilliance
 m - a potion of haste {unknown}
 n - a potion of heal wounds {unknown}
 o - a potion of attraction {unknown}


   Skills:
 + Level 4.1 Fighting
 + Level 3.9 Axes
 + Level 4.7 Armour
 + Level 1.8 Dodging
 + Level 4.1 Shields
 * Level 1.4 Invocations


You had 4 spell levels left.
You didn't know any spells.
Your spell library contained the following spells:

 Spells                   Type           Power      Damage    Failure   Level
 Magic Dart               Conj           0%         1d3       99%         1
 Blink                    Tloc           N/A        N/A       100%        2
 Call Imp                 Summ           0%         N/A       100%        2
 Slow                     Hex            0%         N/A       100%        2
 Conjure Flame            Conj/Fire      0%         6-21      100%        3
 Mephitic Cloud           Conj/Pois/Air  0%         N/A       100%        3


Dungeon Overview and Level Annotations

Branches:
Dungeon (4/15)
 Temple: D:4-7

Altars:
Nemelex Xobeh

Shops:
D:3 [

Annotations:
D:3 2 transporters, MisterAzrael's ghost, amateur SpEn


Innate Abilities, Weirdness & Mutations

You have a pair of horns on your head.
You reflexively headbutt those who attack you in melee.


Message History

You are poisoned.
The scorpion poisons you!
A kobold comes into view. It is wielding a +0 club.
The endoplasm freezes you.
You are frozen.
The gnoll shaman hits you with a +0 club.
The scorpion stings you.
There is a stone staircase leading up, spattered with blood here.
You feel very sick. You block the gnoll's attack.
The endoplasm hits you but does no damage.
You block the gnoll shaman's attack.
The scorpion stings you but does no damage.
You climb upwards.
Level annotation: 2 transporters, MisterAzrael's ghost, amateur SpEn You feel sick.
There is a stone staircase leading down, spattered with blood here.
You closely miss the gnoll shaman. You headbutt the gnoll shaman.
The gnoll shaman is moderately wounded.
You hit the scorpion. You barely miss the endoplasm.
You feel sick. The scorpion stings you!
You are more poisoned.
The scorpion poisons you! The endoplasm closely misses you.
You block the gnoll shaman's attack. The scorpion stings you.
You are more poisoned.
The scorpion poisons you! The endoplasm freezes you.
You are frozen.
* * * LOW HITPOINT WARNING * * *
* * * LOW HITPOINT WARNING * * *
You feel very sick.
The gnoll shaman hits you with a +0 club.
* * * LOW HITPOINT WARNING * * *
The endoplasm barely misses you.
Things that are here:
a +0 club; a +0 whip; a gnoll corpse It was a potion of brilliance.
You feel clever all of a sudden.
You die...
Your body glows slightly and disappears.

.........# #.#.......
#.....)###.########
###....[.....# ##
#.......))..########.
###....#....#......##
#....#.#..#..##..#.
##.s##.#..#.#..# ##
#Jg......#.#..#.#.
#@#####.©#..##..##
####........#O....©#.
#..........©#W.##..##
#.#########.#O#..#.
#.# #.#.#..# #.#
#.#..##.. #.#
#.#.....© #.#
#.####### #.# #.#.#


You could see a gnoll shaman, a scorpion and an endoplasm.

Vanquished Creatures
  7 gnolls
  3 adders (D:3)
  2 worms
  A dart slug (D:1)
  5 orcs (D:3)
  3 bats
  An endoplasm (D:1)
  2 giant cockroaches (D:1)
  6 goblins
  2 hobgoblins
  7 jackals (D:1)
  7 kobolds
  A quokka (D:1)
  3 ball pythons (D:1)
  3 frilled lizards
  6 rats
59 creatures vanquished.

Notes
Turn   | Place    | Note
-------+----------+-------------------------------------------
     0 | D:1      | leviel the Minotaur Fighter began the quest for the Orb.
     0 | D:1      | Reached XP level 1. HP: 19/19 MP: 0/0
    32 | D:1      | Reached XP level 2. HP: 24/27 MP: 1/1
   179 | D:1      | Reached XP level 3. HP: 7/33 MP: 2/2
   568 | D:1      | Found a faded altar of an unknown god.
  1067 | D:1      | Became a worshipper of Nemelex Xobeh the Trickster
  1067 | D:1      | Reached * piety under Nemelex Xobeh
  1317 | D:2      | Received a gift from Nemelex Xobeh
  1706 | D:3      | Reached skill level 1 in Dodging
  1710 | D:3      | Reached XP level 4. HP: 29/40 MP: 3/3
  1950 | D:3      | Reached ** piety under Nemelex Xobeh
  2009 | D:3      | Noticed an ogre
  2010 | D:3      | Noticed MisterAzrael's ghost (amateur SpEn)
  2013 | D:3      | Identified the +8 dire flail of the Inquisitive Beasts
                  | {venom, rF++}
  2013 | D:3      | Noticed an ogre
  2019 | D:3      | Reached skill level 1 in Invocations
  2046 | D:3      | Found a transporter.
  2100 | D:3      | Found Sanowuwk's Antique Armour Shoppe.
  2656 | D:3      | Found a transporter.
  2690 | D:4      | Noticed a scorpion
  2694 | D:3      | Reached XP level 5. HP: 44/46 MP: 5/5
  2839 | D:3      | HP: 1/46 [gnoll shaman/+0 club (6)]
  2840 | D:3      | Succumbed to a scorpion's poison

Illustrated notes

Levels and vault maps discovered:
D:1:      erik_arrival_cave_to_civilisation [erik_arrival_cave_to_hall],
          layout_rooms, ebering_ecumenical_altar_hall, minmay_misc_feat_five
D:2:      layout_loops_ring
D:3:      layout_basic, serial_shops, shop, gammafunk_ghost_smash
D:4:      layout_basic, kennysheep_little_box, serial_undead, serial_undead_c,
          serial_undead_c, serial_undead_e, serial_undead_b, minivault_26,
          uniq_blork_the_orc

Skill      XL: |  1  2  3  4 |
---------------+-------------+-----
Armour         | 4 |  4.7
Fighting       | 4 |  4.1
Shields        | 4 |  4.1
Axes           | 3 |  3.9
Dodging        | 1 |  1.8
Invocations    | 1 |  1.4

Action                   |  1- 3 |  4- 6 || total
-------------------------+-------+-------++-------
Melee: War axe           |    88 |    43 ||   131
       Headbutt          |    11 |     6 ||    17
  Use: Potion            |     1 |     1 ||     2
Armor: Scale mail        |    78 |    18 ||    96
Dodge: Dodged            |    42 |    15 ||    57
Block: Kite shield       |    63 |    37 ||   100

Table legend: (Time is in decaauts)
 A = Elapsed time spent in this place.
 B = Non-inter-level travel time spent in this place.
 C = Inter-level travel time spent in this place.
 D = Time resting spent in this place.
 E = Time spent auto-exploring this place.
 F = Levels seen in this place.
 G = Mean time per level.
                   A        B        C        D        E       F      G
               +--------+--------+--------+--------+--------+-----+--------+
         Total |   2917 |   2811 |    106 |    196 |   2215 |   4 |  729.2 |
       Dungeon |   2917 |   2811 |    106 |    196 |   2215 |   4 |  729.2 |
               +--------+--------+--------+--------+--------+-----+--------+

Top non-repeatable levels by time:
     D:3: 1212 daAuts
     D:1: 1158 daAuts
     D:2: 540 daAuts
     D:4: 6 daAuts
